 Dungeon Crawl Stone Soup version 0.26-a0-712-ga5a9c9c9d0 (webtiles) character file.

Game seed: 12427512876442974197

344188 Lanoc the Corrupter of Planes (level 21, -13/175 HPs)
             Began as a Demonspawn Abyssal Knight on Nov 4, 2020.
             Was the Champion of Lugonu.
             Mangled by a large abomination (26 damage)
             ... on level 3 of the Abyss on Nov 5, 2020.
             The game lasted 02:02:13 (79371 turns).

Lanoc the Corrupter of Planes (DsAK)               Turns: 79371, Time: 02:02:13

Health: -13/175    AC: 24    Str: 16    XL:     21   Next: 14%
Magic:  35/35      EV: 15    Int: 21    God:    Lugonu [******]
Gold:   1664       SH:  8    Dex: 13    Spells: 20/20 levels left

rFire    + + +     SeeInvis +   Y - +12 glaive of Prune {vorpal}
rCold    + + .     Faith    .   (shield currently unavailable)
rNeg     + . .     Spirit   .   x - +7 chain mail of Untold Secrets {rElec}
rPois    .         Reflect  .   L - +1 hat of Irorugo {rF++ Dex-2 SInv}
rElec    +         Harm     .   J - +2 cloak {rC+}
rCorr    .         Rampage  .   l - +1 pair of gloves {Str+3}
MR       ++++.     Clarity  +   (boots unavailable) Stlth ..........Rnd*Tele +
                                F - amulet of the Four Winds {rN+ MR+++ Clar}
HPRegen  0.39/turn              d - ring "Reuxeywo" {rF+ Int+6}
MPRegen  0.24/turn              U - ring of Shadows {Umbra +Inv Stlth+}

@: hasted, wreathed by umbra, studying Shields, very quick
A: hooves 3, large bone plates 3, [berserk 2], [blurry vision 1], clarity,
[clumsy 2], cold resistance 1, [deformed body], foul stench 1, spiny 2, strong
1, [teleportitis 2], [weak 2], [no potion heal 2], rot immunity
}: 2/15 runes: decaying, serpentine
a: Depart the Abyss, Bend Space, Banish, Corrupt, Enter the Abyss, Brand Weapon
With Distortion, Renounce Religion, Evoke Invisibility


You were on level 3 of the Abyss.
You worshipped Lugonu.
Lugonu was exalted by your worship.
You visited 7 branches of the dungeon, and saw 37 of its levels.
You visited the Abyss 2 times.
You also visited: Ossuary, Gauntlet, Ice Cave and Volcano.

You collected 4330 gold pieces.
You spent 2666 gold pieces at shops.

Inventory:

Hand Weapons
 A - a +5 demon trident of electrocution
 D - a +3 trident of flaming
 Y - the +12 glaive of Prune (weapon) {vorpal}
   (You acquired it on level 1 of the Snake Pit)

   It inflicts extra damage upon your enemies.
Missiles
 O - 16 curare-tipped darts (quivered)
Armour
 l - a +1 pair of gloves of strength (worn)
 x - the +7 chain mail of Untold Secrets (worn) {rElec}
   (You found it on level 14 of the Dungeon)

   It insulates you from electricity.
 J - a +2 cloak of cold resistance (worn)
 L - the +1 hat of Irorugo (worn) {rF++ Dex-2 SInv}
   (You found it in an ice cave)

   It affects your dexterity (-2).
   It greatly protects you from fire.
   It lets you see invisible.
 N - a +2 buckler of cold resistance
Jewellery
 a - a +4 ring of protection
 d - the ring "Reuxeywo" (left hand) {rF+ Int+6}
   (You took it off a centaur warrior on level 15 of the Dungeon)

   [ring of intelligence]

   It affects your intelligence (+6).
   It protects you from fire.
 f - the ring "Gizucoewn" {rCorr Str+7 Dex-4 SInv}
   (You found it in a Gauntlet)

   [ring of resist corrosion]

   It affects your strength (+7).
   It affects your dexterity (-4).
   It lets you see invisible.
   It provides partial protection from all sources of acid and corrosion.
 F - the amulet of the Four Winds (around neck) {rN+ MR+++ Clar}
   (You bought it in a shop on level 2 of the Orcish Mines)

   [amulet of nothing]

   It protects you from negative energy.
   It affects your resistance to hostile enchantments.
   It protects you against confusion.
 U - the ring of Shadows (right hand) {Umbra +Inv Stlth+}
   (You found it on level 4 of the Lair of Beasts)

   [ring of stealth]

   It lets you turn invisible.
   It makes you more stealthy.
Wands
 r - a wand of acid (1)
 u - a wand of paralysis (7)
 y - a wand of digging (3)
 C - a wand of random effects (10)
 I - a wand of polymorph (10)
 P - a wand of iceblast (29)
Scrolls
 c - 22 scrolls of remove curse
 e - 6 scrolls of magic mapping
 g - 6 scrolls of amnesia
 i - 10 scrolls of enchant weapon
 p - a scroll of summoning
 t - 2 scrolls of immolation
 w - 5 scrolls of teleportation
 H - 3 scrolls of fear
 K - a scroll of silence
 M - 18 scrolls of identify
 V - 6 scrolls of fog
 X - 5 scrolls of enchant armour
Potions
 b - a potion of resistance
 h - 9 potions of mutation
 j - 10 potions of flight
 n - 8 potions of haste
 o - 7 potions of stabbing
 q - 6 potions of might
 z - 6 potions of magic
 B - a potion of invisibility
 E - 4 potions of lignification
 G - 8 potions of brilliance
 T - 4 potions of berserk rage
 W - a potion of cancellation
Books
 Z - a manual of Shields
Miscellaneous
 m - a lightning rod (4/4)
 S - a phial of floods


   Skills:
 + Level 17.6 Fighting
 * Level 14.1 Polearms
 + Level 16.2 Armour
 + Level 16.2 Dodging
 - Level 4.0 Shields
 + Level 21.7 Invocations


You had 20 spell levels left.
You didn't know any spells.
Your spell library contained the following spells:

 Spells                   Type           Power        Failure   Level
 Beastly Appendage        Tmut           #.....       77%         1
 Corona                   Hex            #......      77%         1
 Foxfire                  Conj/Fire      #...         77%         1
 Shock                    Conj/Air       #...         77%         1
 Sting                    Tmut/Pois      #...         77%         1
 Blink                    Tloc           N/A          88%         2
 Call Imp                 Summ           #.......     88%         2
 Corpse Rot               Necr/Air       N/A          88%         2
 Ensorcelled Hibernation  Hex/Ice        #.....       88%         2
 Poisonous Vapours        Pois/Air       #.....       88%         2
 Slow                     Hex            #.......     88%         2
 Sublimation of Blood     Necr           #.........   88%         2
 Swiftness                Air            #.......     88%         2
 Wereblood                Tmut           #.......     88%         2
 Confusing Touch          Hex            #.......     98%         3
 Conjure Flame            Conj/Fire      #.......     98%         3
 Dazzling Flash           Conj/Hex       #.....       98%         3
 Gell's Gravitas          Tloc           #.........   98%         3
 Ignite Poison            Fire/Tmut/Pois #.......     98%         3
 Inner Flame              Hex/Fire       #.......     98%         3
 Lesser Beckoning         Tloc           #.........   98%         3
 Mephitic Cloud           Conj/Pois/Air  #.......     98%         3
 Ozocubu's Armour         Ice            #.......     98%         3
 Portal Projectile        Hex/Tloc       #.....       98%         3
 Spider Form              Tmut/Pois      #.........   98%         3
 Static Discharge         Conj/Air       #.......     98%         3
 Tukima's Dance           Hex            #.......     98%         3
 Vampiric Draining        Necr           #.........   98%         3
 Animate Dead             Necr           #.........   100%        4
 Cause Fear               Hex            #.........   100%        4
 Dispel Undead            Necr           #.......     100%        4
 Ice Form                 Ice/Tmut       #.......     100%        4
 Iskenderun's Mystic Bla  Conj/Tloc      #.......     100%        4
 Leda's Liquefaction      Hex/Erth       #.........   100%        4
 Olgreb's Toxic Radiance  Pois           #.......     100%        4
 Passage of Golubria      Tloc           N/A          100%        4
 Petrify                  Tmut/Erth      #.......     100%        4
 Sticky Flame             Conj/Fire      #.......     100%        4
 Summon Lightning Spire   Summ/Air       #.......     100%        4
 Agony                    Necr           #.......     100%        5
 Alistair's Intoxication  Tmut/Pois      #........    100%        5
 Blade Hands              Tmut           #.........   100%        5
 Excruciating Wounds      Necr           #.........   100%        5
 Fireball                 Conj/Fire      #.........   100%        5
 Irradiate                Conj/Tmut      #.........   100%        5
 Lightning Bolt           Conj/Air       #.........   100%        5
 Metabolic Englaciation   Hex/Ice        #.........   100%        5
 Silence                  Hex/Air        #.........   100%        5
 Summon Demon             Summ           #.........   100%        5
 Summon Forest            Summ/Tloc      #.........   100%        5
 Summon Mana Viper        Hex/Summ       #.......     100%        5
 Yara's Violent Unravell  Hex/Tmut       #.........   100%        5
 Conjure Ball Lightning   Conj/Air       #.........   100%        6
 Freezing Cloud           Conj/Ice/Air   #.........   100%        6
 Shadow Creatures         Summ           N/A          100%        6
 Spellforged Servitor     Conj/Summ      #.........   100%        7
 Summon Hydra             Summ           #.........   100%        7
 Ignition                 Fire           #.........   100%        8
 Shatter                  Erth           #.........   100%        9
 Tornado                  Air            #.........   100%        9


Dungeon Overview and Level Annotations

Branches:
Dungeon (15/15)            Temple (1/1) D:5            Lair (6/6) D:9
  Swamp (4/4) Lair:2        Snake (4/4) Lair:4        Slime (0/5) Lair:6
    Orc (2/2) D:9             Elf (0/3) Orc:2        Vaults (4/5) D:14
  Crypt (0/3) Vaults:2     Depths (0/5) D:15        Ossuary (visited)
  IceCv (visited)         Volcano (visited)         Gauntlet (visited)

Altars:
Ashenzari
Elyvilon
Gozag
Kikubaaqudgha
Ru
Sif Muna
Trog
Uskayaw
Wu Jian
Xom
Yredelemnul
Zin
The Shining One
Beogh
Jiyva

Shops:
D:6 =   D:10 (   Orc:1 *   Orc:2 ([=((   Snake:2 !   Vaults:1 !*!=
Vaults:2 ?[   Vaults:3 }[}

Annotations:
D:15 corrupted, Azrael
Swamp:4 3 runed translucent doors, corrupted, melvinkitnick's ghost, adept SpCj
Snake:3 corrupted
Orc:1 Maurice
Vaults:4 corrupted, 3 runed translucent doors, Nybbakke's ghost, adept MiFi
Vaults:5 corrupted
Abyss:1 Edmund


Innate Abilities, Weirdness & Mutations

You have hooves in place of feet.
You are completely covered in large bone plates. (SH +8)
Your flesh is cold resistant. (rC+)
You may emit foul miasma when damaged in melee.
You are mostly covered in sharp spines.
You are immune to rotting.
You possess an exceptional clarity of mind.
Your muscles are strong. (Str +2)
[You often lose your temper in combat.]
[Scrolls take you a little longer to read.]
[You are very clumsy. (Dex -4)]
[Armour fits poorly on your strangely shaped body.]
[You are sometimes teleported next to monsters.]
[You are very weak. (Str -4)]
[Potions are poor at restoring your health.]


Message History

You feel yourself speed up.
You start resting.
A large abomination comes into view.
You start resting.
A large abomination is nearby!
Attack whom?
Press: ? - help, Dir - move target cursor, f - large abomination
Aim: a large abomination (umbra)
You reach to attack!
You closely miss the large abomination. You slice the large abomination!!
The large abomination is severely damaged.
Your chain mail of Untold Secrets prevents you from hitting the large abomination.
Your kick misses the large abomination.
The large abomination is severely damaged.
The large abomination misses you.
You slash the large abomination!
You kick the large abomination, but do no damage.
The large abomination is almost destroyed.
The large abomination hits you!!
You die...

...... . #.##.
.#.... ..#...#
....# # # ###..#
# . .. #@..# ##
x. ## .# ##X#.#.
#
................
..+.#.#.#..##.#
# .###.##.# #. .
###.. ###ยง.####
.# #. .# ... # .
#..#. ..


You could see a large abomination.

Vanquished Creatures
  Nikola (Vaults:3)
  A lich (Vaults:4)
  A tentacled monstrosity (Vaults:2)
  A sphinx (Vaults:4)
  2 titans
  4 tentacled starspawn (Abyss:2)
  A thorn hunter (Swamp:1)
  Kirke (D:15)
  2 tengu reavers
  9 nagarajas
  Agnes (D:15)
  2 storm dragons (Vaults:4)
  The ghost of GordonOverkill the Gelid, an adept SpIE of Gozag (Snake:4)
  7 vault wardens
  A fire giant (Vaults:4)
  3 deep elf sorcerers (D:14)
  An orc warlord (Orc:1)
  8 ironheart preservers
  5 stone giants
  Nessos (D:14)
  A lorocyproca (Abyss:2)
  5 starcursed masses
  2 deep elf annihilators
  A minotaur (Gauntlet)
  An ettin (Vaults:4)
  Snorg (Orc:2)
  A deep elf death mage (Vaults:4)
  9 yaktaur captains
  8 ogre magi
  2 great orbs of eyes
  A fire dragon (Vaults:4)
  Fannar (Lair:2)
  A rakshasa (Vaults:3)
  14 naga warriors
  An anaconda (shapeshifter) (Vaults:4)
  9 vault guards
  25 hydras
  6 shambling mangroves
  2 boulder beetles
  8 centaur warriors
  2 ghost crabs
  12 anacondas
  10 alligators
  4 catoblepae
  Erica (Orc:1)
  A death knight (Vaults:2)
  34 two-headed ogres
  2 deep troll earth magi
  A deep troll shaman (Vaults:2)
  A satyr (shapeshifter) (D:11)
  7 death yaks
  6 orc high priests (Orc:2)
  A tengu warrior (D:15)
  2 vampire magi (D:14)
  3 thrashing horrors
  3 hell knights (Abyss:2)
  3 deep elf knights
  10 shock serpents
  Sonja (Orc:1)
  18 naga sharpshooters
  3 wretched stars
  A spatial maelstrom (Abyss:3)
  2 fire crabs (Gauntlet)
  4 skeletal warriors (Vaults:1)
  6 salamander mystics
  3 unseen horrors
  A glowing orange brain (Vaults:2)
  2 flayed ghosts (Vaults:2)
  An unseen horror (shapeshifter) (Vaults:4)
  3 spriggan druids
  5 swamp dragons
  11 deep trolls
  12 naga ritualists
  4 wizards
  6 ironbrand convokers
  3 deep elf archers
  4 necromancers
  17 orc knights
  6 mana vipers
  5 harpies (Vaults:2)
  24 ugly things
  4 orc sorcerers
  11 deep elf magi
  3 wolf spiders
  7 cyclopes
  14 salamanders
  A worldbinder (Abyss:2)
  35 black mambas
  4 manticores
  27 naga magi
  3 guardian serpents
  11 elephants
  An apocalypse crab (Abyss:2)
  A molten gargoyle (Gauntlet)
  A rust devil (Abyss:2)
  10 vault sentinels
  2 gargoyles
  A torpor snail (Lair:6)
  An ice statue (IceCv)
  An orange demon (Abyss:2)
  19 cane toads
  2 minotaur zombies (Gauntlet)
  5 smoke demons
  An anaconda simulacrum (Abyss:3)
  8 komodo dragons
  2 rime drakes
  An efreet (Abyss:3)
  6 freezing wraiths
  21 yaktaurs
  4 ancient zymes
  11 polar bears
  3 hellwings (Abyss:2)
  18 trolls
  7 tyrant leeches
  A harpy skeleton (D:14)
  12 blink frogs
  7 bog bodies
  6 dream sheep
  30 slime creatures
  14 hornets
  8 raiju
  A flying skull (Abyss:2)
  3 shadows
  Sigmund (D:6)
  7 wraiths
  67 yaks
  8 spriggans
  2 vampires
  11 fire bats
  Eustachio (D:4)
  4 wyverns
  10 basilisks
  2 fire elementals (D:15)
  3 chaos spawn (Abyss:2)
  2 hogs (D:15)
  17 vampire mosquitoes
  A yaktaur simulacrum (Vaults:1)
  An acid dragon (D:14)
  50 nagas
  19 wargs
  4 large abominations
  16 swamp worms
  16 insubstantial wisps
  14 water moccasins
  5 hell hounds
  24 orc warriors
  6 sky beasts
  19 swamp drakes
  An eye of draining (shapeshifter) (Vaults:1)
  14 ice beasts
  An eye of draining (D:9)
  24 ogres
  5 phantoms
  10 wolves
  9 boggarts
  28 centaurs
  3 big kobolds
  21 bullfrogs
  A wyvern zombie (D:14)
  2 wyvern skeletons
  5 scorpions
  10 small abominations
  57 killer bees
  2 electric eels (Lair:2)
  26 wights
  6 howler monkeys
  4 bullfrog zombies
  A quasit (Abyss:3)
  5 centaur skeletons
  3 centaur zombies
  37 orc priests
  2 bullfrog skeletons
  Crazy Yiuf (D:4)
  3 hounds
  3 jellies
  5 iguanas
  20 orc wizards
  8 worker ants
  A hound zombie (D:7)
  2 hound skeletons
  8 mummies (Ossuary)
  2 worker ant zombies
  Robin (D:4)
  3 gnolls (Orc:1)
  A howler monkey skeleton (D:4)
  10 adders
  5 white imps
  3 ufetubi
  An ooze (D:4)
  An adder zombie (D:7)
  An adder skeleton (D:7)
  4 worms
  A dart slug (D:3)
  8 leopard geckos
  101 orcs
  6 bats
  5 giant cockroaches
  10 goblins
  4 hobgoblins
  7 jackals
  6 quokkas
  2 ball pythons
  A ball python skeleton (D:5)
  A frilled lizard (D:3)
  2 gnoll zombies (Ossuary)
  2 hobgoblin zombies (Ossuary)
  16 kobolds
  A kobold zombie (Ossuary)
  A leopard gecko zombie (D:9)
  3 orc zombies (Ossuary)
  A quokka zombie (D:6)
  3 starspawn tentacles (Abyss:2)
1576 creatures vanquished.

Vanquished Creatures (collateral kills)
  A centaur skeleton (D:12)
1 creature vanquished.

Vanquished Creatures (others)
  Mara (Snake:3)
  Sojobo (Vaults:4)
  the Lernaean hydra (Swamp:4)
  A lich (Vaults:3)
  A tengu reaver (Vaults:4)
  A frost giant (IceCv)
  A vault warden (Vaults:5)
  An ironheart preserver (Vaults:5)
  An ettin (Vaults:5)
  2 fire dragons (Vaults:4)
  A crystal guardian (Vaults:5)
  A deep elf high priest (Vaults:5)
  2 hydras
  12 vault guards (Vaults:5)
  A boulder beetle (Vaults:5)
  An alligator (Swamp:2)
  A two-headed ogre (D:15)
  A deep troll (Vaults:2)
  8 swamp dragons (Swamp:4)
  A deep elf archer (Vaults:4)
  A naga ritualist (Snake:2)
  An orc knight (D:15)
  An ironbrand convoker (Vaults:4)
  3 ugly things (D:15)
  A naga mage (Snake:3)
  A centaur zombie (D:15)
  2 vault sentinels
  A cane toad (Swamp:4)
  2 trolls (D:15)
  A tyrant leech (Swamp:2)
  7 polar bears (IceCv)
  A hornet (Swamp:2)
  A slime creature (Swamp:2)
  A centaur simulacrum (D:15)
  A wraith (D:15)
  2 spriggans (Swamp:2)
  2 yaks (IceCv)
  A hog (D:15)
  A basilisk (D:15)
  4 vampire mosquitoes
  3 swamp worms
  An acid dragon (D:15)
  3 swamp drakes
  2 orc warriors
  An ogre (D:15)
  2 wolves (IceCv)
  A boggart (Vaults:1)
  A bullfrog (D:15)
  An orc priest (D:15)
  2 orc wizards
  2 orcs (D:15)
  31 fungi
  31 plants
  38 starspawn tentacles
  13 withered plants (D:15)
207 creatures vanquished.

Grand Total: 1784 creatures vanquished

Notes
Turn   | Place    | Note
-------+----------+-------------------------------------------
     0 | Abyss:1  | Lanoc the Demonspawn Abyssal Knight began the quest for the
                  | Orb.
     0 | Abyss:1  | Reached XP level 1. HP: 18/18 MP: 2/2
    52 | Abyss:1  | Noticed a small abomination
    58 | D:1      | Escaped the Abyss
   101 | D:3      | Reached skill level 1 in Dodging
   155 | D:3      | Gained mutation: You are partially covered in sharp spines.
                  | [demonic ancestry]
   155 | D:3      | Reached XP level 2. HP: 24/24 MP: 3/3
   217 | D:3      | Found a bloodstained altar of Trog.
   222 | D:3      | Reached * piety under Lugonu
   222 | D:3      | Gained mutation: You are partially covered in large bone
                  | plates. (SH +4) [demonic ancestry]
   222 | D:3      | Reached XP level 3. HP: 28/29 MP: 5/5
   614 | D:3      | Reached skill level 3 in Invocations
   999 | D:3      | Reached XP level 4. HP: 35/35 MP: 6/6
  1330 | D:4      | Found a sand-covered staircase.
  1343 | Ossuary  | Entered an ossuary
  1556 | Ossuary  | Gained mutation: You possess an exceptional clarity of
                  | mind. [potion of mutation]
  1556 | Ossuary  | Gained mutation: Your muscles are strong. (Str +2) [potion
                  | of mutation]
  1636 | Ossuary  | Gained mutation: You are mostly covered in sharp spines.
                  | [demonic ancestry]
  1636 | Ossuary  | Reached XP level 5. HP: 30/41 MP: 7/7
  2181 | D:4      | Noticed Robin
  2184 | D:4      | Reached ** piety under Lugonu
  2194 | D:4      | Killed Robin
  2195 | D:4      | Gained mutation: You are mostly covered in large bone
                  | plates. (SH +6) [demonic ancestry]
  2195 | D:4      | Reached XP level 6. HP: 47/48 MP: 8/8
  2279 | D:4      | Reached skill level 4 in Invocations
  2393 | D:4      | Noticed Eustachio
  2433 | D:4      | Killed Eustachio
  2433 | D:4      | Gained mutation: You are immune to rotting. [demonic
                  | ancestry]
  2433 | D:4      | Reached XP level 7. HP: 24/54 MP: 10/10
  2806 | D:4      | Found a runed translucent door.
  2807 | D:4      | Noticed Crazy Yiuf
  2883 | D:4      | Killed Crazy Yiuf
  2947 | D:5      | Entered Level 5 of the Dungeon
  2967 | D:5      | Found a broken altar of Ashenzari.
  3300 | D:5      | Reached skill level 5 in Invocations
  3476 | D:5      | Reached skill level 5 in Polearms
  3483 | D:5      | Reached XP level 8. HP: 50/61 MP: 10/12
  3809 | D:5      | Found a staircase to the Ecumenical Temple.
  4061 | Temple   | Entered the Ecumenical Temple
  4289 | D:6      | Reached skill level 5 in Fighting
  4703 | D:6      | Noticed Sigmund
  4728 | D:6      | Killed Sigmund
  4728 | D:6      | Reached skill level 6 in Invocations
  4835 | D:6      | Noticed Edmund
  5095 | D:6      | Found Mullam's Jewellery Emporium.
  5255 | D:6      | Reached *** piety under Lugonu
  5583 | D:7      | Found a sacrificial altar of Ru.
  5956 | D:7      | Found a basalt altar of Yredelemnul.
  5956 | D:7      | Found a glowing silver altar of Zin.
  6032 | D:7      | Found a hide-covered altar of Uskayaw.
  6116 | D:7      | Reached XP level 9. HP: 69/69 MP: 13/13
  6439 | D:8      | Found an opulent altar of Gozag.
  6696 | D:8      | Reached skill level 7 in Invocations
  6911 | D:8      | Reached skill level 5 in Armour
  7407 | D:8      | Found a hide-covered altar of Uskayaw.
  7693 | D:8      | Banished Edmund
  7693 | D:8      | Reached skill level 5 in Dodging
  7992 | D:9      | Found a staircase to the Orcish Mines.
  8067 | D:9      | Reached skill level 8 in Invocations
  8089 | D:9      | Gained mutation: You are completely covered in large bone
                  | plates. (SH +8) [demonic ancestry]
  8089 | D:9      | Reached XP level 10. HP: 51/77 MP: 16/16
  8649 | D:9      | Found a white marble altar of Elyvilon.
  8656 | D:9      | Found a shimmering altar of Xom.
  9269 | D:8      | Reached **** piety under Lugonu
  9797 | D:9      | Reached skill level 9 in Invocations
 10260 | D:9      | Found a glowing golden altar of the Shining One.
 10482 | D:9      | Found a shimmering blue altar of Sif Muna.
 10690 | D:9      | Found a staircase to the Lair.
 11097 | D:8      | Reached XP level 11. HP: 43/84 MP: 13/18
 12240 | D:10     | Entered Level 10 of the Dungeon
 12319 | D:10     | Found Ismocigo's Weapon Boutique.
 13372 | D:10     | Reached skill level 10 in Invocations
 13620 | D:11     | Reached skill level 10 in Polearms
 13795 | D:11     | Noticed a two-headed ogre
 13829 | D:11     | Killed a two-headed ogre
 13833 | D:11     | Reached ***** piety under Lugonu
 14109 | D:11     | Noticed a two-headed ogre
 14128 | D:11     | Killed a two-headed ogre
 14438 | D:11     | Noticed a centaur warrior
 14449 | D:11     | Killed a centaur warrior
 14506 | D:11     | Gained mutation: You have large cloven feet. [demonic
                  | ancestry]
 14506 | D:11     | Reached XP level 12. HP: 56/94 MP: 14/20
 15264 | D:11     | Noticed a two-headed ogre
 15279 | D:11     | Killed a two-headed ogre
 15279 | D:11     | Reached skill level 11 in Invocations
 15347 | D:11     | Noticed a yaktaur captain
 15347 | D:11     | Noticed a two-headed ogre
 15347 | D:11     | a sea snake changed into a two-headed ogre
 15353 | D:11     | a two-headed ogre changed into a slime creature
 15356 | D:11     | Noticed a tengu reaver
 15361 | D:11     | Noticed a satyr
 15361 | D:11     | a wolf spider changed into a satyr
 15364 | D:11     | Killed a satyr
 16722 | D:12     | Noticed a two-headed ogre
 16737 | D:12     | Killed a two-headed ogre
 17537 | D:13     | Found an ornate altar of the Wu Jian Council.
 17612 | D:13     | Noticed a two-headed ogre
 17624 | D:13     | Killed a two-headed ogre
 17653 | D:13     | Noticed a two-headed ogre
 17665 | D:13     | Killed a two-headed ogre
 18458 | D:14     | Found a gate to the Vaults.
 18458 | D:14     | Noticed a vault guard
 18458 | D:14     | Noticed a vault guard
 18458 | D:14     | Noticed a vault guard
 18458 | D:14     | Noticed a vault guard
 18506 | D:14     | Found a frozen archway.
 18637 | IceCv    | Entered an ice cave
 18668 | IceCv    | Gained mutation: You may emit foul miasma when damaged in
                  | melee. [demonic ancestry]
 18668 | IceCv    | Reached XP level 13. HP: 58/101 MP: 16/21
 18893 | IceCv    | Reached skill level 12 in Invocations
 20319 | IceCv    | Noticed a frost giant
 20325 | IceCv    | Corrupted IceCv
 20326 | IceCv    | Noticed a starcursed mass
 20333 | IceCv    | Noticed a tentacled starspawn
 20333 | IceCv    | Killed a frost giant
 20334 | IceCv    | Noticed a tentacled starspawn
 20358 | IceCv    | Noticed a starcursed mass
 20376 | IceCv    | Noticed an ancient lich
 20509 | IceCv    | Got a dazzling hat
 20519 | IceCv    | Identified the +1 hat of Irorugo {rF++ Dex-2 SInv} (You
                  | found it in an ice cave)
 21522 | D:14     | Reached skill level 10 in Fighting
 21933 | D:14     | You fall into a shaft and drop 1 floor!
 21933 | D:15     | Entered Level 15 of the Dungeon
 21933 | D:15     | Found a staircase to the Depths.
 22163 | D:15     | Noticed Agnes
 22167 | D:15     | Corrupted D:15
 22167 | D:15     | Noticed a green death
 22170 | D:15     | Noticed an eidolon
 22175 | D:15     | Killed Agnes
 22611 | D:15     | Identified the ring "Reuxeywo" {rF+ Int+6}
 22947 | D:15     | Noticed Kirke
 22975 | D:15     | Killed Kirke
 23197 | D:15     | Reached skill level 13 in Invocations
 23318 | D:15     | Noticed Azrael
 24075 | D:11     | Killed a tengu reaver
 24492 | Orc:1    | Entered Level 1 of the Orcish Mines
 24497 | Orc:1    | Noticed Erica
 24511 | Orc:1    | Killed Erica
 24623 | Orc:2    | Entered Level 2 of the Orcish Mines
 25083 | Orc:2    | Reached skill level 1 in Shields
 25134 | Orc:1    | Found Fyixzai's General Store.
 25137 | Orc:1    | Noticed Sonja
 25154 | Orc:1    | Reached XP level 14. HP: 66/111 MP: 22/24
 25175 | Orc:1    | Killed Sonja
 25906 | Orc:2    | Reached skill level 10 in Armour
 26019 | Orc:2    | Found a roughly hewn altar of Beogh.
 26173 | Orc:2    | Found Vaizeghidad's Weapon Emporium.
 26173 | Orc:2    | Found Xytiudwaf's Weapon Shop.
 26249 | Orc:2    | Found Haibyzad's Weapon Shop.
 26369 | Orc:2    | Found Feuhuysch's Antique Armour Emporium.
 26369 | Orc:2    | Found Caofamas's Jewellery Shop.
 26396 | Orc:2    | Reached skill level 10 in Dodging
 26625 | Orc:2    | Bought the amulet of the Four Winds {rN+ MR+++ Clar} for
                  | 570 gold pieces
 26625 | Orc:2    | Found the amulet of the Four Winds {rN+ MR+++ Clar}
 26655 | Orc:2    | Found a staircase to the Elven Halls.
 26970 | Orc:2    | Noticed an orc warlord
 27031 | Orc:1    | Noticed Maurice
 27370 | Orc:1    | Found a roughly hewn altar of Beogh.
 27471 | Orc:1    | Killed an orc warlord
 27798 | Orc:2    | Noticed Snorg
 27817 | Orc:2    | Killed Snorg
 28196 | Orc:2    | Reached skill level 14 in Invocations
 28468 | Lair:1   | Entered Level 1 of the Lair of Beasts
 28514 | Lair:1   | Found a gate leading to a gauntlet.
 28523 | Gauntlet | Entered a Gauntlet
 28523 | Gauntlet | Found a transporter.
 28523 | Gauntlet | Found a transporter.
 28538 | Gauntlet | Found a transporter.
 28553 | Gauntlet | Found a transporter.
 28553 | Gauntlet | Found a transporter.
 28553 | Gauntlet | Found a transporter.
 28555 | Gauntlet | Found a transporter.
 28555 | Gauntlet | Found a transporter.
 28566 | Gauntlet | Found a transporter.
 28582 | Gauntlet | Found a transporter.
 28592 | Gauntlet | Found a transporter.
 28606 | Gauntlet | Found a transporter.
 28626 | Gauntlet | Found a transporter.
 28628 | Gauntlet | Found a runed translucent gate.
 28628 | Gauntlet | Found a runed translucent gate.
 28628 | Gauntlet | Found a runed translucent gate.
 28637 | Gauntlet | Found a transporter.
 28665 | Gauntlet | Reached ****** piety under Lugonu
 28690 | Gauntlet | Got a steaming steel ring
 28692 | Gauntlet | Identified the ring "Gizucoewn" {rCorr Str+7 Dex-4 SInv}
                  | (You found it in a Gauntlet)
 31063 | Lair:2   | Noticed Fannar
 31101 | Lair:2   | Killed Fannar
 31495 | Lair:2   | Found a staircase to the Swamp.
 32440 | Lair:3   | Reached XP level 15. HP: 99/120 MP: 26/26
 32451 | Lair:3   | Got a heavy robe
 32461 | Lair:3   | Identified the +0 robe of Gyecagod {rPois rCorr Slay-3}
                  | (You found it on level 3 of the Lair of Beasts)
 33457 | Lair:4   | Found a dark tunnel.
 33596 | Volcano  | Entered a volcano
 33818 | Volcano  | Reached skill level 15 in Invocations
 34243 | Lair:4   | Found the ring of Shadows {Umbra +Inv Stlth+}
 34475 | Lair:4   | Found a staircase to the Snake Pit.
 36470 | Lair:6   | Entered Level 6 of the Lair of Beasts
 36519 | Lair:6   | Found a viscous altar of Jiyva.
 36520 | Lair:6   | Found a staircase to the Slime Pits.
 38399 | Lair:6   | Reached skill level 16 in Invocations
 38834 | Swamp:1  | Entered Level 1 of the Swamp
 39791 | Swamp:1  | Identified a scroll of acquirement
 39791 | Swamp:1  | Acquired a manual of Shields
 39916 | Swamp:1  | Gained mutation: Your flesh is cold resistant. (rC+)
                  | [demonic ancestry]
 39916 | Swamp:1  | Reached XP level 16. HP: 89/130 MP: 28/28
 40172 | Swamp:1  | Noticed a thorn hunter
 40869 | Swamp:1  | Killed a thorn hunter
 44432 | Swamp:3  | Reached skill level 17 in Invocations
 45932 | Swamp:4  | Entered Level 4 of the Swamp
 46256 | Swamp:4  | Found a runed translucent gate.
 46257 | Swamp:4  | Found a runed translucent gate.
 46258 | Swamp:4  | Found a runed translucent gate.
 46261 | Swamp:4  | Noticed melvinkitnick's ghost (adept SpCj)
 47516 | Swamp:4  | Noticed the 27-headed Lernaean hydra
 47530 | Swamp:4  | Corrupted Swamp:4
 47531 | Swamp:4  | Noticed a bone dragon
 47535 | Swamp:4  | Killed the 27-headed Lernaean hydra
 47545 | Swamp:4  | Noticed a bone dragon
 47598 | Swamp:4  | Got a decaying rune of Zot
 48250 | D:14     | Noticed Nessos
 48265 | D:14     | Killed Nessos
 48265 | D:14     | Reached XP level 17. HP: 139/139 MP: 29/29
 49252 | D:14     | Identified the Papyrus of Snow and Bewitchment
 49262 | D:14     | Found a shimmering blue altar of Sif Muna.
 49297 | D:14     | Identified the Handbook of Wondrous Power
 49525 | D:14     | Got a coiled marble ring
 49527 | D:14     | Got a tiger eye-encrusted chain mail
 49538 | D:14     | Identified the +7 chain mail of Untold Secrets {rElec} (You
                  | found it on level 14 of the Dungeon)
 49543 | D:14     | Identified the ring "Dauwehit" {rF+ MR- Dex+7} (You found
                  | it on level 14 of the Dungeon)
 49813 | D:14     | Identified the Catalogue of the Eternal Fruit
 49815 | D:14     | Identified the Disquisition on the Flying Arsonist
 49833 | D:14     | Identified the Papyrus of Creative Moulding
 49835 | D:14     | Identified the Almanac of Arcane Weapons and Poisoning
 49893 | Vaults:1 | Entered Level 1 of the Vaults
 50250 | Vaults:1 | Reached skill level 18 in Invocations
 50917 | Vaults:1 | Found Ciofor's General Store.
 51462 | Vaults:1 | Bought a potion of mutation for 144 gold pieces
 51462 | Vaults:1 | Bought 2 potions of curing for 108 gold pieces
 51470 | Vaults:1 | Found Ijyalewn's Distillery.
 51478 | Vaults:1 | Bought a potion of haste for 150 gold pieces
 51478 | Vaults:1 | Bought a potion of heal wounds for 75 gold pieces
 51478 | Vaults:1 | Bought a potion of might for 60 gold pieces
 53052 | Vaults:1 | Found Dyopej's Jewellery Boutique.
 53104 | Vaults:1 | HP: 5/140 [vault warden/+2 battleaxe of venom (29)]
 54115 | Vaults:1 | Found Ytog's Distillery.
 54123 | Vaults:1 | Bought a potion of haste for 170 gold pieces
 54123 | Vaults:1 | Bought a potion of haste for 170 gold pieces
 54123 | Vaults:1 | Bought a potion of heal wounds for 85 gold pieces
 54123 | Vaults:1 | Bought a potion of haste for 170 gold pieces
 54123 | Vaults:1 | Bought a potion of haste for 170 gold pieces
 54123 | Vaults:1 | Bought a potion of might for 68 gold pieces
 54123 | Vaults:1 | Bought 2 potions of curing for 102 gold pieces
 54123 | Vaults:1 | Bought a potion of ambrosia for 136 gold pieces
 54178 | Vaults:1 | Reached skill level 15 in Fighting
 55809 | Vaults:2 | Reached XP level 18. HP: 144/149 MP: 31/31
 56164 | Vaults:2 | Found Dydghoq's Armour Emporium.
 56197 | Vaults:2 | Found Ametieqa's Magic Scroll Boutique.
 56208 | Vaults:2 | Bought a scroll of teleportation for 54 gold pieces
 56208 | Vaults:2 | Bought a scroll of teleportation for 54 gold pieces
 56208 | Vaults:2 | Bought a scroll of teleportation for 54 gold pieces
 56208 | Vaults:2 | Bought a scroll of teleportation for 54 gold pieces
 56236 | Vaults:2 | Found Guss's Antique Weapon Boutique.
 56379 | Vaults:2 | Reached skill level 19 in Invocations
 56957 | Vaults:2 | Found a staircase to the Crypt.
 56957 | Vaults:2 | Found an ancient bone altar of Kikubaaqudgha.
 56958 | Vaults:2 | Found a basalt altar of Yredelemnul.
 57126 | Vaults:2 | Noticed a tentacled monstrosity
 58091 | Vaults:2 | Killed a tentacled monstrosity
 59910 | Vaults:3 | Found Diwaet's Gadget Emporium.
 62373 | Vaults:3 | Found Dodelu's Gadget Shoppe.
 62478 | Vaults:3 | Found Xeniqab's Antique Armour Shoppe.
 62508 | Vaults:3 | Noticed Nikola
 62511 | Vaults:3 | Noticed a lich
 62526 | Vaults:3 | Killed a lich
 62554 | Vaults:3 | Killed Nikola
 62554 | Vaults:3 | Reached XP level 19. HP: 50/157 MP: 32/32
 63027 | Vaults:3 | Reached skill level 20 in Invocations
 63631 | Vaults:4 | Noticed Sojobo
 63634 | Vaults:4 | Corrupted Vaults:4
 63634 | Vaults:4 | Noticed a bone dragon
 63650 | Vaults:4 | Killed Sojobo
 63991 | Vaults:4 | Reached skill level 15 in Armour
 64314 | Vaults:4 | Noticed a lich
 64336 | Vaults:4 | Killed a lich
 64336 | Vaults:4 | Reached skill level 15 in Dodging
 64506 | Vaults:4 | Found a runed translucent gate.
 64506 | Vaults:4 | Found a runed translucent gate.
 64508 | Vaults:4 | Found a runed translucent gate.
 64508 | Vaults:4 | Noticed Nybbakke's ghost (adept MiFi)
 67980 | Snake:1  | Entered Level 1 of the Snake Pit
 68974 | Snake:1  | Acquired the +12 glaive of Prune {vorpal}
 68975 | Snake:1  | Found the +12 glaive of Prune {vorpal}
 70103 | Snake:2  | Found Puwiuka's Distillery.
 70163 | Snake:2  | Bought a potion of might for 68 gold pieces
 70163 | Snake:2  | Bought a potion of might for 68 gold pieces
 70163 | Snake:2  | Bought a potion of mutation for 136 gold pieces
 71116 | Snake:2  | Gained mutation: You have hoof-like feet. [demonic
                  | ancestry]
 71116 | Snake:2  | Reached XP level 20. HP: 164/167 MP: 34/34
 71732 | Snake:3  | Reached skill level 21 in Invocations
 71940 | Snake:3  | Noticed Mara
 71951 | Snake:3  | Noticed Lanoc's illusion
 71958 | Snake:3  | Noticed Lanoc's illusion
 71968 | Snake:3  | Corrupted Snake:3
 71968 | Snake:3  | Noticed a bone dragon
 71973 | Snake:3  | Killed Mara
 72564 | Snake:4  | Entered Level 4 of the Snake Pit
 72564 | Snake:4  | Found a transporter.
 72577 | Snake:4  | Noticed GordonOverkill's ghost (adept SpIE)
 73411 | Snake:4  | Found a transporter.
 76749 | Snake:4  | Got a serpentine rune of Zot
 77250 | Snake:4  | Killed GordonOverkill's ghost
 77434 | Snake:4  | Identified the +7 hunting sling "Lifebane" {flame, *Corrode
                  | rElec Str+4 Dex-2} (You found it on level 4 of the Snake
                  | Pit)
 77918 | Vaults:5 | Entered Level 5 of the Vaults
 77919 | Vaults:5 | Corrupted Vaults:5
 77959 | Vaults:5 | Noticed a golden dragon
 77973 | Vaults:5 | Cast into level 2 of the Abyss (vault guard)
 77973 | Abyss:2  | Found a corrupted altar of Lugonu.
 78631 | Abyss:2  | Gained mutation: You have hooves in place of feet. [demonic
                  | ancestry]
 78631 | Abyss:2  | Reached XP level 21. HP: 109/175 MP: 35/35
 79343 | Abyss:3  | HP: 6/175 [wretched star/lance of force (21)]
 79371 | Abyss:3  | Mangled by a large abomination

Illustrated notes

Levels and vault maps discovered:
D:1:      dpeg_arrival_stonehenge_8_columns, layout_loops_ring,
          corexii_hall_statues_l, minmay_misc_feat_pillars
D:2:      layout_basic, lexackson_kobold_supper
D:3:      layout_basic, bloody_trog
D:4:      layout_loops_ring, nicolae_ossuary_entry_ruins, st_stairs_5,
          uniq_eustachio, uniq_crazy_yiuf_cottage, uniq_robin
D:5:      layout_rooms, lemuel_doored_altar, minmay_temple_entry_antechambers,
          serial_co_window_serial, co_window_paths_b, co_window_paths_a,
          co_window_of_opportunity_a, co_window_paths_a, co_window_paths_a,
          co_window_broadway_c, co_window_of_opportunity_c,
          co_window_of_opportunity_c, co_window_corner_b, glass_columns_a
D:6:      layout_basic, serial_shops, shop, minmay_holes, uniq_edmund,
          uniq_sigmund
D:7:      layout_gridville, lemuel_crystal_altar, grunt_temple_overflow_open,
          lemuel_crystal_altar, grunt_ministairs_8
D:8:      layout_loops_ring, nicolae_overflow_hidden_temple, basic_altar,
          minmay_misc_feat_enclosed, glass_columns_a
D:9:      wad_woods_minihive, layout_cave_pools, elyvilon_altar_5,
          lemuel_round_altar, lemuel_coloured_pillars_altar,
          erik_lair_orcish_takeover, orc_0_dummy, xom_confusion_cloud
D:10:     old_forge, layout_cave_pods, serial_shops,
          nicolae_shop_temple_entry_statues_fountains
D:11:     minmay_glassy_protrusions, layout_loops_corners
D:12:     layout_gridville
D:13:     layout_small_grid, basic_altar
D:14:     evilmike_library_of_no_secrets, layout_irregular_city,
          lightli_vaults_fourway_checkpoint, portal_ice_cave_entry_ice_beasts,
          chequers_serial_rivers_micro_a, minmay_misc_feat_four_crosses,
          minmay_fountain_box, uniq_nessos
D:15:     gammafunk_depths_entry_grave, layout_loops_ring, uniq_azrael,
          uniq_kirke, uniq_agnes
Temple:   minmay_temple_forest_path
Lair:1:   layout_hall_layers, gauntlet_entry_generic, st_stairs_5,
          serial_bayou_lagoon_b
Lair:2:   layout_long_grid, minmay_swamp_entry_eels, nzn_random_ring,
          serial_bayou_shore_a, lemuel_fruit_tree, uniq_fannar
Lair:3:   beast_lair_carwin_large_1, layout_misc_corridors
Lair:4:   layout_long_grid, dummy_snake_entry, nicolae_volcano_entry_hallway,
          wad_woods_road_05
Lair:5:   layout_cave_pods
Lair:6:   evilmike_catoblepas_cave, layout_regular_city, slime_altar_1
Swamp:1:  layout_falls_marsh, evilmike_swamp_ruin_house_3, swamp_pool5
Swamp:2:  layout_basic_swamp, evilmike_swamp_ruin_rubble_2
Swamp:3:  layout_falls_marsh, evilmike_swamp_ruin_rubble_1, swamp_pool3
Swamp:4:  swamp_old_school, layout_basic_swamp, gammafunk_ghost_hydra_chop
Snake:1:  layout_chambers, grunt_megastairs_4
Snake:2:  layout_onion_interference, serial_shops, shop,
          nicolae_snake_double_loop
Snake:3:  layout_misc_corridors, st_stairs_13, grunt_ministairs_15, uniq_mara
Snake:4:  snake_pit, layout_grid_shapes, gammafunk_ghost_arena, st_stairs_12,
          grunt_ministairs_6
Orc:1:    layout_caves, serial_shops, nicolae_shop_behind_doors,
          david_defended_altar_orc, uniq_sonja, uniq_erica, uniq_maurice
Orc:2:    st_orc_town, layout_caves, serial_shops, shop, uniq_snorg
Vaults:1: v_alt_pattern_2, hangedman_vaults_trim, nicolae_vaults_c_with_doors,
          ontoclasm_vaults_fault, vaults_dpeg_encased_lava,
          hangedman_vaults_impose, vaults_room_ringed_pool,
          nicolae_vaults_diagonal_hallway_6, layout_vaults_omnigrid,
          serial_shops, shop, shop, shop, shop_statue
Vaults:2: nicolae_vaults_little_squares_2, minmay_crypt_entry_necro_gods,
          nicolae_vaults_big_angled_halls, hangedman_vaults_nails,
          ontoclasm_vaults_spin, v_misc_29, ontoclasm_vaults_shout,
          dpeg_vaults_monster_box, hangedman_vaults_cutoff, vaults_dpeg_cross,
          vaults_room_fancy_cross, vaults_room_pool, ontoclasm_vaults_gateway,
          layout_vaults_maze_bifur, serial_shops, shop_statue, shop, shop
Vaults:3: v_alt_pattern_2, ontoclasm_vaults_chip, vaults_room_door_ring,
          nicolae_vaults_three_branches, nicolae_vaults_triangles,
          grunt_vaults_funnel, nicolae_vaults_ring_of_whatevers, serial_ice_b,
          vaults_room_corners, layout_vaults_chaotic_city, serial_shops,
          nicolae_shop_temple_entry_statues_fountains, shop, shop, uniq_nikola
Vaults:4: gammafunk_vaults_ghost_split, v_pattern_3, v_misc_25,
          hangedman_vaults_unwind, vaults_mumra_minichess_inversion,
          ontoclasm_vaults_bender, nicolae_vaults_asterisk, grunt_vaults_twisty,
          grunt_vaults_diagonal, v_misc_26, vaults_room_hallway,
          layout_vaults_ring, uniq_sojobo
Vaults:5: serial_shops
Abyss:3:  base: Lair:6, hangedman_abyss_rune_macabre_mess,
          doesnt_abyss_rune_brain_food, nicolae_abyss_rune_left_handed,
          minivault_25, evilmike_abyss_rune_elephants_shrine

Skill      XL: |  1  2  3  4  5  6  7  8  9 10 11 12 13 14 15 16 17 18 19 20 21 |
---------------+----------------------------------------------------------------+-----
Dodging        | 1 2 3 4 5 6 7 8 9 10 11 12 13 14 15 16 | 16.2
Polearms       | 2 3 4 5 6 8 9 10 11 12 13 14 | 14.1
Armour         | 2 3 4 5 6 7 8 9 10 12 13 14 15 16 | 16.2
Invocations    | 3 4 5 6 8 9 10 11 13 14 16 17 18 19 20 21 | 21.7
Fighting       | 4 5 6 7 8 9 10 11 13 14 15 16 17 | 17.6
Shields        | 1 4 |  4.0

Action                   |  1- 3 |  4- 6 |  7- 9 | 10-12 | 13-15 | 16-18 | 19-21 || total
-------------------------+-------+-------+-------+-------+-------+-------+-------++-------
Melee: Spear             |    96 |   193 |   495 |  1336 |  3038 |  3773 |   997 ||  9928
       Kick              |       |       |       |   164 |   479 |       |    37 ||   680
       Unarmed           |       |       |       |       |     4 |       |       ||     4
       Glaive            |       |       |       |       |       |       |  1100 ||  1100
Invok: Depart the Abyss  |     1 |       |       |       |       |       |       ||     1
       Banish            |       |       |     2 |     1 |     3 |     3 |     7 ||    16
       Bend Space        |       |       |     1 |     2 |     3 |     9 |     6 ||    21
       Corrupt           |       |       |       |       |     2 |     1 |     3 ||     6
 Abil: Evoke Invisibilit |       |       |       |       |       |     1 |       ||     1
Evoke: Wand              |       |       |     6 |     2 |    15 |    11 |       ||    34
       Lightning rod     |       |       |       |       |       |     7 |       ||     7
  Use: Potion            |       |     5 |     2 |     1 |     4 |    12 |    16 ||    40
       Scroll            |       |     1 |       |    24 |    17 |    10 |    15 ||    67
 Stab: Sleeping          |     2 |       |     2 |     1 |     7 |     2 |       ||    14
       Distracted        |       |       |     1 |       |     5 |     1 |     4 ||    11
       Paralysed         |       |       |       |       |       |     7 |     2 ||     9
       Confused          |       |       |       |       |       |     5 |       ||     5
Armor: Leather armour    |     8 |    23 |    80 |   207 |   384 |   205 |       ||   907
       Chain mail        |       |       |       |       |       |   466 |   589 ||  1055
Dodge: Dodged            |    34 |    51 |   176 |   538 |   907 |  1211 |  1007 ||  3924
Block: Other             |    17 |    32 |   102 |   382 |   181 |       |   419 ||  1133
       Buckler           |       |       |       |       |   915 |  1779 |   412 ||  3106

Table legend: (Time is in decaauts)
 A = Elapsed time spent in this place.
 B = Non-inter-level travel time spent in this place.
 C = Inter-level travel time spent in this place.
 D = Time resting spent in this place.
 E = Time spent auto-exploring this place.
 F = Levels seen in this place.
 G = Mean time per level.
                   A        B        C        D        E       F      G
               +--------+--------+--------+--------+--------+-----+--------+
         Total |  75246 |  72607 |   2639 |  10813 |  48958 |  44 | 1710.1 |
       Dungeon |  23056 |  21963 |   1093 |   3410 |  14958 |  15 | 1537.1 |
        Temple |      1 |      1 |      0 |      0 |      0 |   1 |    1.0 |
          Lair |   8566 |   8053 |    513 |    130 |   6662 |   6 | 1427.7 |
         Swamp |   8785 |   8628 |    157 |   1947 |   5446 |   4 | 2196.2 |
     Snake Pit |   9509 |   9333 |    176 |   2323 |   5251 |   4 | 2377.2 |
  Orcish Mines |   3625 |   3572 |     53 |    542 |   2313 |   2 | 1812.5 |
        Vaults |  16217 |  15571 |    646 |    883 |  12007 |   5 | 3243.4 |
         Abyss |   1448 |   1448 |      0 |    223 |    717 |   3 |  482.7 |
       Ossuary |    500 |    500 |      0 |    145 |    166 |   1 |  500.0 |
      Ice Cave |   2151 |   2151 |      0 |    699 |    860 |   1 | 2151.0 |
       Volcano |    504 |    504 |      0 |      0 |    444 |   1 |  504.0 |
      Gauntlet |    879 |    879 |      0 |    511 |    134 |   1 |  879.0 |
               +--------+--------+--------+--------+--------+-----+--------+

Top non-repeatable levels by time:
Vaults:1: 5389 daAuts
Vaults:3: 3865 daAuts
Vaults:2: 3669 daAuts
     D:8: 3556 daAuts
 Snake:3: 3289 daAuts
Vaults:4: 3250 daAuts
    D:11: 3235 daAuts
 Snake:4: 2913 daAuts
 Swamp:2: 2655 daAuts
    D:14: 2618 daAuts
 Swamp:1: 2395 daAuts
 Swamp:3: 2186 daAuts
   Orc:2: 2173 daAuts
     D:9: 2164 daAuts
   IceCv: 2151 daAuts
